 Dungeon Crawl Stone Soup version 0.32-a0-41-gec2d92a32c (webtiles) character file.

Game seed: 13626707644820438025

46 kenjime the Chiller (level 3, -1/16 HPs)
             Began as a Felid Ice Elementalist on Jan 27, 2024.
             Was a Follower of Vehumet.
             Slain by an orc
             ... wielding a +1 flail of protection
              (6 damage)
             ... on level 3 of the Dungeon.
             The game lasted 00:53:28 (3878 turns).

kenjime the Chiller (Felid Ice Elementalist)        Turns: 3878, Time: 00:53:28

Health: -1/16      AC:  1    Str:  4    XL:     3   Next: 44%
Magic:  7/7        EV: 17    Int: 20    God:    Vehumet [*.....]
Gold:   129        SH:  0    Dex: 16    Spells: 5/6 levels left
                                        Lives:  0   Deaths: 1

rFire   . .          .
                       - Unarmed
rCold   . . .        (shield unavailable)
rNeg    . . .        (body armour unavailable)
rPois   .            (helmet unavailable)
rElec   .            (cloak unavailable)
rCorr   .            (gloves unavailable)
SInv    +            (boots unavailable)
Will    .....        (no amulet)
Stlth   ++           n - ring of flight {puyo}
HPRegen 0.22/turn    (no ring)
MPRegen 0.10/turn

%: no passive effects
@: beast-form, flying
A: beast (slay +0), very small, claws 1, fangs 3, see invisible, shaggy fur 1,
stealthy paws, no weapons or thrown items, no armour, multi-lived
a: Begin Untransformation, Renounce Religion


You were on level 3 of the Dungeon.
You worshipped Vehumet.
Vehumet was aware of your devotion.
You were a hulking beast.
You visited 1 branch of the dungeon, and saw 3 of its levels.

You collected 129 gold pieces.

Inventory:

Hand Weapons
 b - a +0 club
 g - a +0 short sword
 i - a +0 quarterstaff
 r - a +2 dagger of electrocution {Autism}
 u - a +0 rapier
Missiles
 d - 15 stones
 j - 6 boomerangs
 w - 2 silver javelins
Armour
 c - a +0 leather armour
 e - a +0 leather armour
 m - a +0 robe
 q - a +0 ring mail
 t - the +1 scale mail of Luqen {Rampage Int+4}
   (You found it on level 2 of the Dungeon)

   Int+4:     It affects your intelligence (+4).
   Rampage:   It bestows one free step when moving towards enemies.
Magical Staves
 y - a staff of air
Jewellery
 n - a ring of flight (left paw) {puyo}
Talismans
 l - a serpent talisman
 x - a blade talisman
 I - a beast talisman (active)
Scrolls
 h - a scroll of poison {unknown}
 k - a scroll of silence
 p - 2 scrolls of identify
 v - a scroll of enchant armour {unknown}
 z - a scroll of blinking {unknown}
Potions
 a - a potion of magic
 f - a potion of resistance {unknown}
 o - a potion of heal wounds {unknown}
 s - a potion of attraction {unknown}


   Skills:
 + Level 3.0 Dodging
 + Level 2.8 Stealth
 + Level 1.0 Unarmed Combat
 * Level 2.3 Spellcasting
 * Level 4.2 Ice Magic
 + Level 0.2 Shapeshifting


You had 5 spell levels left.
You knew the following spells:

 Your Spells              Type           Power      Damage    Failure   Level
a - Freeze                Ice            76%        1d8       2%          1

Your spell library contained the following spells:

 Spells                   Type           Power      Damage    Failure   Level
 Sandblast                Erth           4%         2d4       16%         1
 Frozen Ramparts          Ice            38%        1d6       9%          3
 Ozocubu's Armour         Ice            19%        N/A       9%          3
 Hailstorm                Conj/Ice       10%        3d6       19%         3
 Summon Ice Beast         Ice/Summ       10%        N/A       19%         3


Dungeon Overview and Level Annotations

Branches:
Dungeon (3/15)

Altars:
Nemelex Xobeh
Vehumet

Shops:
D:1 (

Annotations:
D:1 2 exclusions


Innate Abilities, Weirdness & Mutations

You are a hulking beast.
Your limbs bulge with bestial killing power. (Slay +0)
You have sharp claws.
You have razor-sharp teeth.
You have supernaturally acute eyesight. (SInv)
You are covered in fur. (AC +1)
Your paws help you pounce on unaware monsters.
You are incapable of wielding weapons or throwing items.
You cannot wear armour.
You gain extra lives every three experience levels.


Message History

Attack: -) Teeth and claws
Press: ? - help, Dir - move target You swing at nothing.
There are no items here.
Okay, then.
Casting: Freeze (safe; 2% risk of failure)
Confirm with . or Enter, or press ? or * to list all spells.
You don't know that spell.
Okay, then.
You see here the felid corpse of kenjime.
You see here the felid corpse of kenjime.
There are no objects that can be picked up here. the felid corpse of kenjime You see here a scroll labelled TUAQIOPUCW.
z - a scroll labelled TUAQIOPUCW The orc shouts!
You hear a shout! x2
You hear a shout!
The orc attacks as it pursues you! The orc hits you with a +0 dagger.
You barely miss the orc.
An orc comes into view.
It is wielding a +1 flail of protection.
The orc completely misses you. The orc hits you with a +0 dagger.
You scratch the orc.
The orc is lightly wounded.
The orc closely misses you.
You scratch the orc.
The orc is heavily wounded.
The orc attacks as it pursues you! The orc hits you with a +0 dagger.
You scratch the orc.
The orc is severely wounded.
The orc closely misses you. The orc hits you but does no damage.
The orc completely misses you. The orc attacks as it pursues you!
The orc hits you with a +0 dagger. The orc attacks as it pursues you!
The orc hits you with a +0 dagger. The orc attacks as it pursues you!
The orc misses you. The orc hits you with a +0 dagger.
The orc attacks as it pursues you! The orc closely misses you.
The orc attacks as it pursues you!
The orc hits you with a +1 flail of protection.
You die...

..$.#.##.#####.#...#.#.##'#.###..
._..#.#...........##.#......#...#
..$.#.#..#####..............#.###
.$..#....## ###............#.###
#####.#...#####...~~~~...........
^.....#....†......~~~~8....##.###
####.##.##..####..~~~~........###
#o #.......o................<# .?
#........oh...........##### ###
#.......#########.###.# #
#...............#.##..# #
######...##.....?....## #
###.##.......#### ###.......#
#####.#.# #.#.# .....


You could see 2 orcs.

Vanquished Creatures
  2 adders (D:2)
  A ribbon worm (D:2)
  3 ball pythons
  4 bats
  3 endoplasms
  A giant cockroach (D:2)
  A goblin (D:1)
  A hobgoblin (D:1)
  A quokka (D:1)
  5 frilled lizards
  A kobold (D:3)
  3 rats
26 creatures vanquished.

Notes
Turn   | Place    | Note
-------+----------+-------------------------------------------
     0 | D:1      | kenjime the Felid Ice Elementalist began the quest for the
                  | Orb.
     0 | D:1      | Reached XP level 1. HP: 9/9 MP: 4/4
    97 | D:1      | Found Ufoff's Antique Weapon Emporium.
   498 | D:1      | Found a faded altar of an unknown god.
  1084 | D:1      | Reached XP level 2. HP: 13/13 MP: 6/6
  1565 | D:1      | Reached skill level 4 in Ice Magic
  1677 | D:1      | Prayed at the altar of an unknown god.
  1677 | D:1      | Became a worshipper of Vehumet
  1677 | D:1      | Reached * piety under Vehumet
  1677 | D:1      | Offered knowledge of Sandblast by Vehumet.
  2759 | D:2      | Reached XP level 3. HP: 12/16 MP: 3/7
  3078 | D:2      | Identified the +1 scale mail of Luqen {Rampage Int+4}
  3101 | D:2      | Reached skill level 1 in Unarmed Combat
  3629 | D:3      | Found a sparkling altar of Nemelex Xobeh.
  3665 | D:3      | Slain by a quokka
  3665 | D:3      | Lost a life (0 lives remaining)
  3878 | D:3      | Slain by an orc

Illustrated notes

Levels and vault maps discovered:
D:1:      dpeg_arrival_line_fractal, layout_basic, serial_shops, shop,
          shapermc_ecumenical_altar_mp_highgroup, chequers_serial_rivers_small_b
D:2:      layout_loops_corners, hangedman_abyss_or_decor_stabs,
          minmay_pentomino_o2
D:3:      layout_basic, amcnicky_altar_gilded, serial_park_tiny_pond,
          kennysheep_potato

Skill      XL: |  1  2  3 |
---------------+----------+-----
Ice Magic      | 4 |  4.2
Dodging        | 3 |  3.0
Unarmed Combat | 1 |  1.0
Stealth        | |  2.8
Spellcasting   | |  2.3
Shapeshifting  | |  0.2

Action                     || total
---------------------------++-------
  Melee: Unarmed           ||    65
         Bite              ||    10
         Punch             ||     1
   Cast: Freeze            ||    33
    Use: Scroll            ||     1
         Potion            ||     2
   Stab: Sleeping          ||     1
 Armour: Skin              ||    50
  Dodge: Dodged            ||   123
   Form: Beast             ||     3
         Blade             ||     1
         Serpent           ||     1

Table legend: (Time is in decaauts)
 A = Elapsed time spent in this place.
 B = Non-inter-level travel time spent in this place.
 C = Inter-level travel time spent in this place.
 D = Time resting spent in this place.
 E = Time spent auto-exploring this place.
 F = Levels seen in this place.
 G = Mean time per level.
                   A        B        C        D        E       F      G
               +--------+--------+--------+--------+--------+-----+--------+
         Total |   3878 |   1115 |   2763 |      0 |      5 |   3 | 1292.7 |
       Dungeon |   3878 |   1115 |   2763 |      0 |      5 |   3 | 1292.7 |
               +--------+--------+--------+--------+--------+-----+--------+

Top non-repeatable levels by time:
     D:1: 1802 daAuts
     D:2: 1690 daAuts
     D:3: 385 daAuts
